 Dungeon Crawl Stone Soup version 0.28.0 (webtiles) character file.

Game seed: 5694031028891580587

2182 Illumine the Cudgeller (level 9, -6/88 HPs)
             Began as a Troll Monk on Feb 19, 2022.
             Was an Elder of Okawaru.
             Succumbed to a gnoll's poison
             ... on level 7 of the Dungeon.
             The game lasted 00:15:03 (5658 turns).

Illumine the Cudgeller (Troll Monk)                 Turns: 5658, Time: 00:15:03

Health: -6/88      AC:  8    Str: 25      XL:     9   Next: 11%
Magic:  9/9        EV: 12    Int:  6      God:    Okawaru [****..]
Gold:   376        SH:  0    Dex: 17 (18) Spells: 8/8 levels left

rFire   . . .      SeeInvis .   a - +0 giant spiked club
rCold   . . .      Faith    +   (shield currently unavailable)
rNeg    . . .      Spirit   .   b - +2 robe
rPois   .          Reflect  .   (helmet restricted)
rElec   .          Harm     .   q - +1 cloak
rCorr   .          Rampage  .   (gloves unavailable)
Will    .....                   (boots unavailable)
Stlth   ++........              u - amulet of faith
HPRegen 1.04/turn               l - +6 ring of dexterity
MPRegen 0.11/turn               (no ring)

@: lethally poisoned (-6 -> -34)
A: large, unfitting armour, claws 3, regeneration 1, shaggy fur 1, tough skin 1
a: Renounce Religion, Heroism, Finesse


You were on level 7 of the Dungeon.
You worshipped Okawaru.
Okawaru was greatly pleased with you.
You visited 2 branches of the dungeon, and saw 8 of its levels.

You collected 511 gold pieces.
You spent 135 gold pieces at shops.

Inventory:

Hand Weapons
 a - a +0 giant spiked club (weapon)
 o - a +0 mace of draining
Missiles
 g - 6 atropa-tipped darts (quivered)
Armour
 b - a +2 robe (worn)
 q - a +1 cloak (worn)
Jewellery
 e - a ring of ice
 l - a +6 ring of dexterity (left claw)
 u - an amulet of faith (around neck)
Wands
 d - a wand of polymorph (3)
 i - a wand of iceblast (5)
Scrolls
 c - 2 scrolls of blinking
 f - 2 scrolls of enchant weapon {unknown}
 h - a scroll of noise {unknown}
 j - 2 scrolls of enchant armour
 m - a scroll of magic mapping {unknown}
 n - 3 scrolls of teleportation {unknown}
 r - a scroll of vulnerability {unknown}
 s - a scroll of acquirement {unknown}
 t - a scroll of holy word {unknown}
 v - a scroll of fear {unknown}
 w - a scroll of silence {unknown}
Potions
 p - a potion of mutation {unknown}


   Skills:
 + Level 5.3 Fighting
 * Level 7.9 Maces & Flails
 + Level 2.4 Throwing
 + Level 5.2 Dodging
 - Level 1.0 Stealth
 - Level 2.3 Invocations


You had 8 spell levels left.
You didn't know any spells.
Your spell library contained the following spells:

 Spells                   Type           Power      Damage    Failure   Level
 Corpse Rot               Necr/Air       0%         N/A       58%         2
 Poisonous Vapours        Pois/Air       0%         N/A       58%         2
 Conjure Ball Lightning   Conj/Air       0%         3x3d6     100%        6
 Discord                  Hex            0%         N/A       100%        8
 Disjunction              Tloc           0%         N/A       100%        8


Dungeon Overview and Level Annotations

Branches:
Dungeon (7/15)             Temple (1/1) D:5

Altars:
Cheibriados
Dithmenos
Fedhas
Hepliaklqana
Kikubaaqudgha
Makhleb
Okawaru
Qazlal
Vehumet
Wu Jian
Xom
Zin
The Shining One

Shops:
D:5 ***

Annotations:
D:3 3 runed translucent doors, geeeeen's ghost, weakling FeEn


Innate Abilities, Weirdness & Mutations

You are too large for most types of armour.
You have claws for hands.
Your natural rate of healing is unusually fast.
You are covered in fur. (AC +1)
You have tough skin. (AC +1)


Message History

The gnoll barely misses you.
You completely miss the gnoll.
You feel very sick.
The gnoll hits you with a +1 flail of venom.
You are more poisoned.
You hit the gnoll.
The gnoll is lightly wounded.
You feel very sick. The gnoll barely misses you.
The gnoll hits you with a +1 flail of venom.
You are more poisoned.
You barely miss the gnoll.
The gnoll is lightly wounded.
You feel extremely sick. The gnoll barely misses you.
You hit the gnoll.
The gnoll is moderately wounded.
You feel very sick.
The gnoll hits you with a +1 flail of venom!
* * * LOW HITPOINT WARNING * * *
The gnoll closely misses you.
You hit the gnoll.
The gnoll is heavily wounded.
You feel very sick.
The gnoll hits you with a +1 flail of venom.
* * * LOW HITPOINT WARNING * * *
You are more poisoned.
You feel very sick.
Okay, then.
You closely miss the gnoll.
The gnoll is heavily wounded.
You feel very sick.
The gnoll hits you with a +1 flail of venom.
* * * LOW HITPOINT WARNING * * *
You are lethally poisoned!
The gnoll hits you with a +1 flail of venom!
* * * LOW HITPOINT WARNING * * *
You are more poisoned.
It was a potion of cancellation.
You feel magically purged.
You die...

#.....# ### ...
#.###.## ... ... #.#
#... #.. ..
#########.###... .....
........).......
#.#.###########.#.....
.............#.#.##..
#)#####..##.#.#)##..
#)g@.....#......##..
##...#...#..#.#.##..
#......#.#.#..#.#.####
###....#.#.#......#
#....#.#.........
##..(#.....#......
#...###...#..####.
.<.## ##..#..# .# #..
#


You could see a gnoll.

Vanquished Creatures
  3 yaks
  A sky beast (D:7)
  2 black bears (D:7)
  An ice beast (D:6)
  An ogre (D:6)
  An orc warrior (D:6)
  2 necrophages (D:5)
  A centaur (D:6)
  A phantom (D:6)
  A scorpion (D:5)
  A gnoll sergeant (D:7)
  A howler monkey (D:5)
  2 bullfrog zombies
  2 centaur zombies (D:7)
  3 orc priests
  A hound (D:4)
  A jelly (D:7)
  A bullfrog skeleton (D:6)
  A centaur skeleton (D:4)
  4 iguanas
  3 orc wizards
  A scorpion zombie (D:5)
  2 hound skeletons (D:4)
  4 adders
  3 gnolls (D:7)
  3 white imps
  An ufetubus (D:5)
  An adder skeleton (D:4)
  3 worms
  3 dart slugs
  8 orcs
  8 ball pythons
  4 endoplasms
  5 goblins
  3 hobgoblins
  3 quokkas
  4 bats
  4 frilled lizards
  3 kobolds
  3 rats
100 creatures vanquished.

Vanquished Creatures (others)
  A hound skeleton (D:5)
  6 demonic plants (D:3)
  3 fungi (D:3)
  A plant (D:3)
  2 withered plants (D:3)
13 creatures vanquished.

Grand Total: 113 creatures vanquished

Notes
Turn   | Place    | Note
-------+----------+-------------------------------------------
     0 | D:1      | Illumine the Troll Monk began the quest for the Orb.
     0 | D:1      | Reached XP level 1. HP: 22/22 MP: 0/0
   383 | D:1      | Reached skill level 3 in Maces & Flails
   383 | D:1      | Reached XP level 2. HP: 29/29 MP: 1/1
  1610 | D:2      | Reached XP level 3. HP: 36/36 MP: 2/2
  2067 | D:3      | Found a runed translucent gate.
  2067 | D:3      | Found a runed translucent gate.
  2067 | D:3      | Found a runed translucent gate.
  2067 | D:3      | Noticed geeeeen's ghost (weakling FeEn)
  2418 | D:3      | Found a faded altar of an unknown god.
  2699 | D:3      | Found an ancient bone altar of Kikubaaqudgha.
  2709 | D:3      | Found a burning altar of Makhleb.
  2859 | D:4      | Reached XP level 4. HP: 32/44 MP: 1/3
  2955 | D:4      | Reached skill level 4 in Maces & Flails
  3127 | D:4      | Reached XP level 5. HP: 53/53 MP: 4/4
  3255 | D:5      | Entered Level 5 of the Dungeon
  3297 | D:5      | Found Ibikhoac's Assorted Antiques.
  3300 | D:5      | Bought a large zirconium amulet for 135 gold pieces
  3306 | D:5      | Noticed a necrophage
  3342 | D:5      | Noticed a necrophage
  3351 | D:5      | Killed a necrophage
  3352 | D:5      | Reached XP level 6. HP: 59/61 MP: 5/5
  3396 | D:5      | Noticed a yak
  3433 | D:6      | Noticed an ice beast
  3466 | D:5      | Reached skill level 5 in Maces & Flails
  3501 | D:5      | Found Oniq's Assorted Antiques.
  3629 | D:5      | Found Tofah's General Store.
  3676 | D:5      | Found a staircase to the Ecumenical Temple.
  3689 | Temple   | Entered the Ecumenical Temple
  3792 | Temple   | Became a worshipper of Warmaster Okawaru
  3792 | Temple   | Reached * piety under Okawaru
  3792 | Temple   | Reached ** piety under Okawaru
  4034 | D:5      | Reached XP level 7. HP: 49/68 MP: 3/6
  4136 | D:5      | Found a shimmering altar of Xom.
  4136 | D:5      | Found a glowing silver altar of Zin.
  4136 | D:5      | Noticed an angel
  4144 | D:5      | Reached skill level 1 in Invocations
  4157 | D:5      | Noticed a yak
  4268 | D:5      | Noticed a yak
  4387 | D:4      | Killed a yak
  4388 | D:4      | Reached skill level 6 in Maces & Flails
  4451 | D:5      | Killed a yak
  4452 | D:5      | Reached XP level 8. HP: 50/79 MP: 4/8
  4466 | D:5      | HP: 3/79 [yak (9)]
  4754 | D:6      | Reached *** piety under Okawaru
  4850 | D:6      | Reached skill level 7 in Maces & Flails
  4929 | D:6      | Reached skill level 1 in Throwing
  5048 | D:6      | Found a glowing golden altar of the Shining One.
  5175 | D:6      | Found an ornate altar of the Wu Jian Council.
  5224 | D:6      | Reached skill level 5 in Fighting
  5224 | D:6      | Reached skill level 5 in Dodging
  5636 | D:7      | Reached **** piety under Okawaru
  5637 | D:7      | Reached XP level 9. HP: 88/88 MP: 9/9
  5644 | D:7      | Received a gift from Okawaru
  5657 | D:7      | HP: 2/88 [gnoll (8)]
  5658 | D:7      | Succumbed to a gnoll's poison

Illustrated notes

Levels and vault maps discovered:
D:1:      psy_arrival_heroes, layout_loops_ring, serial_co_window_serial,
          co_window_of_opportunity_a, co_window_paths_a, co_window_paths_a,
          co_window_paths_a, co_window_paths_a, co_window_cross_3,
          co_window_broadway_c, co_window_cross_2, co_window_unsneaky_path_b,
          co_window_paths_c, co_window_4corner_a, co_window_paths_e,
          glass_columns_c, glass_columns_a, glass_columns_a, glass_columns_a,
          glass_columns_a, minmay_domino_4
D:2:      layout_basic
D:3:      layout_rooms, mainiacjoe_overflow_big_doors,
          gammafunk_ghost_necromancy, shapermc_ecumenical_altar_gd,
          wad_floor_pattern_untrapped
D:4:      layout_rooms, minmay_fractal_squares_gapless_5
D:5:      layout_basic, grunt_temple_overflow_order_and_chaos_1,
          minmay_temple_entry_slanted, serial_shops, shop_fountains,
          kennysheep_mini_moat, nicolae_inconvenience_store
D:6:      layout_rooms, nicolae_overflow_crystal_walls, nzn_wu_jian_council_hall
D:7:      layout_basic, mainiacjoe_overflow_paths
Temple:   minmay_temple_curvy_loop

Skill      XL: |  1  2  3  4  5  6  7  8 |
---------------+-------------------------+-----
Maces & Flails | 3 4 5 6 7 |  7.9
Dodging        | 3 4 5 |  5.2
Fighting       | 3 4 5 |  5.3
Invocations    | 2 |  2.3
Throwing       | 2 |  2.4
Stealth        | |  1.0

Action                   |  1- 3 |  4- 6 |  7- 9 || total
-------------------------+-------+-------+-------++-------
Melee: Mace              |   116 |   114 |   208 ||   438
       Punch             |     2 |     1 |     6 ||     9
       Giant spiked club |       |       |    40 ||    40
Throw: Dart              |       |       |     7 ||     7
Invok: Heroism           |       |       |     2 ||     2
  Use: Scroll            |       |     4 |     3 ||     7
       Potion            |       |       |     8 ||     8
 Stab: Sleeping          |     6 |       |       ||     6
       Invisible         |       |       |     2 ||     2
Armor: Robe              |    42 |    36 |    99 ||   177
Dodge: Dodged            |    96 |    57 |   153 ||   306
